 Dungeon Crawl Stone Soup version 0.29-a0-23-ga79f92ac9c (webtiles) character file.

Game seed: 1581747381250311318

7011 HallandMoats the Fighter (level 11, -3/97 HPs)
             Began as a Ghoul Monk on Jan 30, 2022.
             Was an Elder of Cheibriados.
             Slain by a meliai zombie (6 damage)
             ... on level 10 of the Dungeon.
             The game lasted 00:14:46 (10716 turns).

HallandMoats the Fighter (Ghoul Monk)              Turns: 10716, Time: 00:14:47

Health: -3/97      AC:  9    Str: 30    XL:     11   Next: 8%
Magic:  25/25      EV: 15    Int: 15    God:    Cheibriados [****..]
Gold:   475        SH:  0    Dex: 21    Spells: 10/10 levels left

rFire   + . .      SeeInvis +     - Unarmed
rCold   + + .      Faith    .   (no shield)
rNeg    + + +      Spirit   .   O - +1 ring mail "Leakutye" {rC+ SInv}
rPois   ∞          Reflect  .   w - +0 helmet
rElec   +          Harm     .   (no cloak)
rCorr   .          Rampage  .   t - +0 pair of gloves
Will    .....                   (no boots)
Stlth   ++........              (no amulet)
HPRegen 0.00/turn               G - ring of magical power
MPRegen 0.19/turn               N - ring of Esulim {rElec rF+}

@: inhibited regen, very slow
A: claws 1, cold resistance 1, negative energy resistance 3, inhibited
regeneration, torment resistance 2
a: Renounce Religion, Bend Time, Temporal Distortion, Slouch


You were on level 10 of the Dungeon.
You worshipped Cheibriados.
Cheibriados was greatly pleased with you.
You visited 1 branch of the dungeon, and saw 10 of its levels.
You also visited: Bailey.

You collected 475 gold pieces.

Inventory:

Hand Weapons
 b - a +1 vampiric glaive
 m - a +2 trident
Missiles
 J - 2 throwing nets (quivered)
Armour
 t - a +0 pair of gloves (worn)
 w - a +0 helmet (worn)
 z - a +0 chain mail of fire resistance
 B - a +2 buckler
 O - the +1 ring mail "Leakutye" (worn) {rC+ SInv}
   (You found it in a bailey)

   rC:        It protects you from cold.
   SInv:      It lets you see invisible.
 P - a +3 scale mail of poison resistance
Jewellery
 G - a ring of magical power (left hand)
 N - the ring of Esulim (right hand) {rElec rF+}
   (You found it in a bailey)

   [ring of protection from fire]

   rF:        It protects you from fire.
   rElec:     It insulates you from electricity.
Wands
 k - a wand of iceblast (5)
 H - a wand of digging (5)
Scrolls
 a - 3 scrolls of teleportation {unknown}
 d - 3 scrolls of magic mapping
 j - 6 scrolls of identify {unknown}
 l - 2 scrolls of fear {unknown}
 n - 2 scrolls of fog {unknown}
 r - a scroll of amnesia {unknown}
 s - a scroll of brand weapon {unknown}
 u - 2 scrolls of blinking {unknown}
 v - a scroll of holy word {unknown}
 x - 2 scrolls of enchant armour {unknown}
 y - a scroll of enchant weapon {unknown}
 D - a scroll of summoning {unknown}
 F - a scroll of torment {unknown}
 K - a scroll of noise {unknown}
 L - a scroll of vulnerability {unknown}
Potions
 c - 5 potions of mutation {unknown}
 e - 3 potions of brilliance {unknown}
 f - a potion of invisibility {unknown}
 g - 3 potions of degeneration {unknown}
 h - a potion of cancellation {unknown}
 i - 4 potions of attraction {unknown}
 o - 2 potions of curing {unknown}
 p - 3 potions of magic {unknown}
 q - a potion of might {unknown}
 A - a potion of berserk rage {unknown}
 C - 4 potions of heal wounds {unknown}
 E - a potion of lignification {unknown}
 I - a potion of resistance {unknown}
 M - 2 potions of flight {unknown}
Miscellaneous
 Q - a phantom mirror


   Skills:
 + Level 9.0 Fighting
 * Level 5.0 Polearms
 + Level 5.4 Armour
 + Level 6.2 Dodging
 - Level 2.1 Stealth
 - Level 5.1 Shields
 - Level 6.0 Unarmed Combat
 + Level 8.4 Invocations


You had 10 spell levels left.
You didn't know any spells.
Your spell library contained the following spells:

 Spells                   Type           Power      Damage    Failure   Level
 Gell's Gravitas          Tloc           0%         N/A       73%         3
 Ignite Poison            Fire/Tmut/Pois 0%         N/A       73%         3
 Lesser Beckoning         Tloc           0%         N/A       73%         3
 Mephitic Cloud           Conj/Pois/Air  0%         N/A       73%         3
 Teleport Other           Tloc           0%         N/A       73%         3
 Freezing Cloud           Conj/Ice/Air   0%         6-21      100%        5
 Summon Hydra             Summ           0%         N/A       100%        7
 Sublimation of Blood     Necr           Unusable   N/A       N/A         2
 Wereblood                Tmut           Unusable   N/A       N/A         2

Dungeon Overview and Level Annotations

Branches:
Dungeon (10/15)            Temple (0/1) D:7            Lair (0/6) D:10
 Bailey (visited)
    Orc: D:9-12

Altars:
Cheibriados
Gozag
Hepliaklqana
Nemelex Xobeh
Trog
The Shining One


Innate Abilities, Weirdness & Mutations

You thrive by killing the living.
You are immune to poison.
You have sharp fingernails.
Your flesh is cold resistant. (rC+)
You are immune to negative energy. (rN+++)
You do not regenerate when monsters are visible.
You are immune to unholy pain and torment.


Message History

The centaur hits you.
* * * LOW HITPOINT WARNING * * *
The centaur closely misses you. The meliai zombie barely misses you.
The meliai zombie hits you but does no damage.
The centaur closely misses you. The centaur misses you.
You hit the centaur.
You feel better.
You kill the centaur!
Cheibriados thoroughly appreciates the change of pace.
The meliai zombie closely misses you. x2; The meliai zombie barely misses you.
The meliai zombie closely misses you.
Unknown command.
You slash the meliai zombie!
The meliai zombie is lightly damaged.
The meliai zombie hits you.
* * * LOW HITPOINT WARNING * * *
The meliai zombie misses you. The meliai zombie barely misses you.
The meliai zombie hits you.
* * * LOW HITPOINT WARNING * * *
The meliai zombie hits you.
* * * LOW HITPOINT WARNING * * *
The meliai zombie hits you.
* * * LOW HITPOINT WARNING * * *
Adjust to which letter? (? for menu, Esc to quit)
m - a +2 trident;
a - 3 scrolls labelled BEURHE NYSAO You feel the dreadful sensation subside.
You are now empty-handed.
The meliai zombie barely misses you. The meliai zombie hits you.
* * * LOW HITPOINT WARNING * * *
You hit the meliai zombie.
The meliai zombie is moderately damaged.
The meliai zombie hits you.
* * * LOW HITPOINT WARNING * * *
The meliai zombie hits you but does no damage.
You punch the meliai zombie!
The meliai zombie is heavily damaged.
The meliai zombie hits you but does no damage.
The meliai zombie hits you.
* * * LOW HITPOINT WARNING * * *
The meliai zombie hits you.
You die...

###################
#..................
#..################
#.@# #Z)# #..#
##### #... .....
#... ..... #....
..... #.... .....
#..... ..... .....


You could see a meliai zombie.

Vanquished Creatures
  A two-headed ogre (D:9)
  2 centaur zombies
  A gargoyle (Bailey)
  Grinder (D:5)
  A wraith (D:6)
  2 vampires (Bailey)
  A wyvern (D:8)
  3 yaks
  2 steam dragons
  Duvessa (D:6)
  3 water moccasins
  3 orc warriors
  2 sky beasts
  A black bear (D:7)
  An ogre (D:5)
  2 necrophages
  3 centaurs
  2 kobold brigands
  A wyvern zombie (D:7)
  4 bullfrogs
  A gnoll sergeant (D:8)
  2 scorpions (D:6)
  Dowan (D:6)
  5 killer bees (D:9)
  5 wights (D:7)
  6 wolf zombies (Bailey)
  2 howler monkeys (D:8)
  8 vampire bats (Bailey)
  A bullfrog zombie (D:5)
  3 hounds
  3 orc priests (D:9)
  2 centaur skeletons
  2 gnoll shamans
  4 jellies
  A bullfrog skeleton (D:5)
  An iguana (D:2)
  A scorpion zombie (D:5)
  Natasha (twice) (D:2)
  An orc wizard (D:7)
  A killer bee zombie (D:9)
  25 gnolls
  5 adders
  2 shadow imps
  An adder skeleton (D:4)
  2 worms
  3 dart slugs
  19 orcs
  9 bats
  7 endoplasms
  3 giant cockroaches
  10 goblins
  4 hobgoblins
  4 quokkas
  4 ball pythons
  4 frilled lizards
  21 kobolds
  20 orc zombies (Bailey)
  6 rats
238 creatures vanquished.

Vanquished Creatures (others)
  An orc (D:8)
1 creature vanquished.

Grand Total: 239 creatures vanquished

Notes
Turn   | Place    | Note
-------+----------+-------------------------------------------
     0 | D:1      | HallandMoats the Ghoul Monk began the quest for the Orb.
     0 | D:1      | Reached XP level 1. HP: 19/19 MP: 0/0
    39 | D:1      | Found a faded altar of an unknown god.
    60 | D:1      | Prayed at the altar of an unknown god.
    60 | D:1      | Became a worshipper of Cheibriados the Contemplative
    60 | D:1      | Reached * piety under Cheibriados
    60 | D:1      | Reached ** piety under Cheibriados
   239 | D:1      | Reached XP level 2. HP: 16/26 MP: 1/1
   536 | D:1      | Reached *** piety under Cheibriados
   674 | D:1      | Reached skill level 1 in Invocations
  1163 | D:2      | Noticed Natasha
  1168 | D:2      | Killed Natasha
  1169 | D:2      | Reached XP level 3. HP: 30/33 MP: 1/3
  1222 | D:2      | Reached skill level 4 in Fighting
  1376 | D:2      | Reached XP level 4. HP: 40/40 MP: 4/4
  1419 | D:2      | Reached skill level 1 in Armour
  1681 | D:2      | Reached **** piety under Cheibriados
  1818 | D:2      | Noticed Natasha
  1825 | D:2      | Killed Natasha
  1826 | D:2      | Reached XP level 5. HP: 42/47 MP: 5/5
  2438 | D:3      | Found an opulent altar of Gozag.
  2441 | D:3      | Found a bloodstained altar of Trog.
  2441 | D:3      | Found a hazy altar of Hepliaklqana.
  2454 | D:3      | Found a snail-covered altar of Cheibriados.
  2699 | D:4      | Reached XP level 6. HP: 46/53 MP: 7/7
  3220 | D:4      | Reached skill level 1 in Shields
  3420 | D:4      | Reached ***** piety under Cheibriados
  3714 | D:5      | Entered Level 5 of the Dungeon
  3781 | D:5      | Reached skill level 5 in Fighting
  3999 | D:5      | Reached XP level 7. HP: 50/61 MP: 8/8
  4733 | D:5      | Noticed Grinder
  4742 | D:5      | Reached XP level 8. HP: 70/70 MP: 10/10
  4749 | D:5      | Paralysed by Grinder for 4 turns
  4758 | D:5      | Killed Grinder
  4759 | D:5      | Reached skill level 6 in Fighting
  5149 | D:5      | Reached skill level 5 in Invocations
  5155 | D:6      | Reached skill level 5 in Unarmed Combat
  5270 | D:6      | Noticed a wraith
  5276 | D:6      | Killed a wraith
  5315 | D:6      | Noticed Duvessa
  5315 | D:6      | Noticed Dowan
  5324 | D:6      | Killed Duvessa
  5325 | D:6      | Reached XP level 9. HP: 38/78 MP: 6/12
  5325 | D:6      | Killed Dowan
  6303 | D:7      | Reached skill level 7 in Fighting
  6460 | D:7      | Found a staircase to the Ecumenical Temple.
  6840 | D:7      | Reached skill level 5 in Shields
  6848 | D:7      | Reached skill level 5 in Dodging
  7130 | D:7      | Found a sparkling altar of Nemelex Xobeh.
  7523 | D:7      | Reached skill level 1 in Polearms
  7523 | D:7      | Reached XP level 10. HP: 74/88 MP: 14/14
  7722 | D:8      | Reached skill level 8 in Fighting
  8206 | D:9      | Found a flagged portal.
  8220 | Bailey   | Entered a bailey
  8765 | Bailey   | Noticed a gargoyle
  8780 | Bailey   | Killed a gargoyle
  9036 | Bailey   | Identified the ring of Esulim {rElec rF+}
  9038 | Bailey   | Identified the +1 ring mail "Leakutye" {rC+ SInv}
  9213 | Bailey   | Identified the +0 plate armour of Light {Drain rC+ rN+
                  | Dex+5}
  9352 | D:9      | Noticed a two-headed ogre
  9360 | D:9      | Killed a two-headed ogre
  9361 | D:9      | Reached skill level 5 in Armour
 10261 | D:10     | Entered Level 10 of the Dungeon
 10278 | D:9      | Reached XP level 11. HP: 95/95 MP: 16/16
 10288 | D:10     | Reached skill level 9 in Fighting
 10328 | D:9      | Reached skill level 5 in Polearms
 10640 | D:10     | Found a staircase to the Lair.
 10716 | D:10     | HP: 3/97 [meliai zombie (4)]
 10716 | D:10     | Slain by a meliai zombie

Illustrated notes

Levels and vault maps discovered:
D:1:      scummos_arrival_hexagon, layout_loops_ring,
          hellmonk_ecumenical_altar_pennies_from_heaven, minmay_heptomino_h4
D:2:      layout_loops_ring, uniq_natasha
D:3:      layout_rooms, minmay_overflow_temple_star_hex
D:4:      layout_cave_pods
D:5:      layout_cave_pods, uniq_grinder
D:6:      layout_cave_pools, serial_co_window_serial, co_window_corner_a,
          co_window_paths_a, co_window_of_opportunity_a,
          co_window_of_opportunity_a, co_window_paths_b, co_window_broadway_b,
          co_window_corner_b, co_window_corner_cb, co_window_corner_b,
          co_window_of_opportunity_b, co_window_corner_ca,
          co_window_unsneaky_path_a, glass_columns_c, glass_columns_b,
          uniq_duvessa
D:7:      layout_loops_ring, lemuel_crystal_altar,
          minmay_temple_entry_drinking_statues, grunt_ministairs_4, st_stairs_8,
          corexii_corridor_pit
D:8:      layout_gridville
D:9:      layout_irregular_city, enter_bailey_5, minmay_misc_feat_square,
          lightli_orcish_oven
D:10:     layout_long_grid, lair_entry_dummy, gammafunk_ghost_necromancy,
          st_stairs_3, uniq_urug

Skill      XL: |  1  2  3  4  5  6  7  8  9 10 11 |
---------------+----------------------------------+-----
Invocations    | 1 2 3 4 5 7 8 |  8.4
Fighting       | 4 5 6 7 8 9 |  9.0
Dodging        | 3 4 5 6 |  6.2
Armour         | 1 2 3 4 5 |  5.4
Unarmed Combat | 4 5 6 |  6.0
Shields        | 1 2 3 5 |  5.1
Polearms       | 1 4 5 |  5.0
Stealth        | |  2.1

Action                   |  1- 3 |  4- 6 |  7- 9 | 10-12 || total
-------------------------+-------+-------+-------+-------++-------
Melee: Unarmed           |    68 |   164 |   212 |     2 ||   446
       Punch             |     1 |     5 |     8 |     1 ||    15
       Trident           |       |       |    37 |   227 ||   264
       Glaive            |       |       |       |    75 ||    75
Invok: Slouch            |       |       |     3 |     6 ||     9
Evoke: Wand              |       |       |     1 |       ||     1
  Use: Scroll            |       |       |       |     1 ||     1
 Stab: Sleeping          |     1 |       |       |     1 ||     2
Armor: Robe              |    14 |       |       |       ||    14
       Chain mail        |    18 |   113 |    96 |   122 ||   349
       Ring mail         |       |       |       |    46 ||    46
Dodge: Dodged            |    34 |    98 |   132 |   259 ||   523
Block: Buckler           |       |       |    18 |   133 ||   151

Table legend: (Time is in decaauts)
 A = Elapsed time spent in this place.
 B = Non-inter-level travel time spent in this place.
 C = Inter-level travel time spent in this place.
 D = Time resting spent in this place.
 E = Time spent auto-exploring this place.
 F = Levels seen in this place.
 G = Mean time per level.
                   A        B        C        D        E       F      G
               +--------+--------+--------+--------+--------+-----+--------+
         Total |  15247 |  14799 |    448 |   1384 |  11130 |  11 | 1386.1 |
       Dungeon |  13935 |  13487 |    448 |   1147 |  10423 |  10 | 1393.5 |
        Bailey |   1311 |   1311 |      0 |    237 |    706 |   1 | 1311.0 |
               +--------+--------+--------+--------+--------+-----+--------+

Top non-repeatable levels by time:
     D:4: 2002 daAuts
     D:7: 1994 daAuts
     D:9: 1812 daAuts
     D:6: 1734 daAuts
     D:5: 1664 daAuts
     D:2: 1464 daAuts
     D:1: 1457 daAuts
  Bailey: 1311 daAuts
     D:3: 830 daAuts
     D:8: 780 daAuts
    D:10: 194 daAuts
